 Dungeon Crawl Stone Soup version 0.22-a0-3-g4fa69d9a97 (webtiles) character file.

7 Manul the Ducker (level 1, -2/11 HPs)
             Began as a Spriggan Abyssal Knight on Jan 1, 2018.
             Was an Initiate of Lugonu.
             Slain by a frilled lizard (3 damage)
             ... on level 1 of the Dungeon.
             The game lasted 00:01:08 (194 turns).

Manul the Ducker (Spriggan Abyssal Knight)           Turns: 194, Time: 00:01:09

Health: -2/11      AC:  4    Str:  4    XL:     1   Next: 91%
Magic:  3/3        EV: 19    Int: 13    God:    Lugonu [......]
Gold:   37         SH:  0    Dex: 15    Spells: 0/0 levels left

rFire    . . .     SeeInvis +   a - +1 short sword
rCold    . . .     Gourm    .   (shield restricted)
rNeg     . . .     Faith    .   b - +0 robe
rPois    .         Spirit   .   (helmet restricted)
rElec    .         Reflect  .   (no cloak)
rCorr    .         Harm     .   (gloves unavailable)
MR       .....                  (boots unavailable)
Stlth    +.........             (no amulet)
HPRegen  0.03/turn              (no ring)
MPRegen  0.08/turn              (no ring)

@: very quick
A: very small, unfitting armour, talons 1, thin metallic scales 1, see
invisible, herbivore, speed 3, slow metabolism 2, [weak 2]
a: Renounce Religion


You were on level 1 of the Dungeon.
You worshipped Lugonu.
Lugonu was noncommittal.
You were not hungry.

You visited 1 branch of the dungeon, and saw 1 of its levels.
You visited the Abyss 1 time.

You collected 37 gold pieces.

Inventory:

Hand Weapons
 a - a +1 short sword (weapon)
Armour
 b - a +0 robe (worn)
Magical Staves
 e - an uncursed staff of fire {unknown}
Potions
 d - a potion of heal wounds {unknown}
 g - a potion of berserk rage {unknown}
Comestibles
 c - a ration


   Skills:
 + Level 2.6 Fighting
 + Level 2.3 Short Blades
 + Level 3.7 Dodging
 + Level 1.8 Invocations


You couldn't memorise any spells.
You didn't know any spells.

Dungeon Overview and Level Annotations

Branches:
Dungeon (1/15)

Altars:


Innate Abilities, Weirdness & Mutations

You are very small and have problems with some larger weapons.
You are too small for most types of armour.
You have supernaturally acute eyesight. (SInv)
You are a herbivore.
You cover ground extremely quickly.
You need consume almost no food.
You have sharp toenails.
You are partially covered in thin metallic scales. (AC +2)
[You are very weak. (Str -4)]


Message History

* * * LOW HITPOINT WARNING * * *
The frilled lizard barely misses you.
The frilled lizard bites you but does no damage.
The frilled lizard closely misses you. The frilled lizard closely misses you.
The frilled lizard completely misses you.
The frilled lizard barely misses you. The frilled lizard closely misses you.
The frilled lizard closely misses you.
The frilled lizard completely misses you.
The frilled lizard closely misses you. The frilled lizard misses you.
The frilled lizard closely misses you. The frilled lizard misses you.
The frilled lizard bites you but does no damage.
The frilled lizard completely misses you.
The frilled lizard closely misses you.
The frilled lizard bites you but does no damage.
The frilled lizard bites you.
You die...

#####+#####
###.........###
##...8.....8...#
#..8...#'#...8.
+.....##<# ...
+.....##># .
#..8..@#+#
##...8.l...8..
###.........#
#####+#####


You could see a frilled lizard.

Vanquished Creatures
  A white imp (Abyss:3)
1 creature vanquished.

Notes
Turn   | Place    | Note
-------+----------+-------------------------------------------
     0 | Abyss:1  | Manul the Spriggan Abyssal Knight began the quest for the Orb.
     0 | Abyss:1  | Reached XP level 1. HP: 11/11 MP: 3/3
    32 | Abyss:3  | Noticed a small abomination
    42 | Abyss:3  | Found a corrupted altar of Lugonu.
    60 | Abyss:3  | Gained mutation: You have sharp toenails. [potion of mutation]
    60 | Abyss:3  | Gained mutation: You are partially covered in thin metallic scales. (AC +2) [potion of mutation]
    79 | Abyss:3  | Noticed a wretched star
    86 | Abyss:3  | Noticed an apocalypse crab
   109 | Abyss:4  | Noticed a thrashing horror
   109 | Abyss:4  | Noticed a thrashing horror
   109 | Abyss:4  | Noticed a thrashing horror
   109 | Abyss:4  | Noticed a thrashing horror
   117 | Abyss:4  | Noticed a hell hog
   119 | D:1      | Escaped the Abyss
   194 | D:1      | Slain by a frilled lizard

Vault maps used:
D:1:      dpeg_arrival_refuge, kennysheep_doodads
Abyss:4:  nicolae_abyss_rune_left_handed, evilmike_abyss_exit_chaos

Action                   || total
-------------------------++-------
Melee: Short sword       ||     9
       Kick              ||     2
Invok: Depart the Abyss  ||     1
  Use: Scroll            ||     2
       Potion            ||     1
Armor: Robe              ||     7
Dodge: Dodged            ||    48

Table legend:
 A = Spawn XP
 B = Non-spawn XP
 C = Spawn XP percentage of total XP
 D = Spawn monster count
 E = Non-spawn monster count
 F = Spawn count percentage of total count
 G = Total turns spent on level
                    A         B        C        D         E        F      G
               +---------+---------+-------+---------+---------+-------+---------
         Total |      11 |       0 | 100.0 |       1 |       0 | 100.0 |   194
               +---------+---------+-------+---------+---------+-------+---------
       Abyss:3 |      11 |       0 | 100.0 |       1 |       0 | 100.0 |    58
               +---------+---------+-------+---------+---------+-------+---------
